 Dungeon Crawl Stone Soup version 0.30.0-20-g3615ddf2f0 (webtiles) character file.

Game seed: 13365069664652067107

40 qw the Chopper (level 3, -2/23 HPs)
             Began as a Gargoyle Fighter on May 28, 2023.
             Slain by Sigmund
             ... wielding a +0 scythe
              (7 damage)
             ... on level 2 of the Dungeon.
             The game lasted 00:00:30 (1720 turns).

qw the Chopper (Gargoyle Fighter)                   Turns: 1720, Time: 00:00:31

Health: -2/23      AC: 14    Str: 21    XL:     3   Next: 50%
Magic:  3/3        EV:  5    Int:  8    God:
Gold:   83         SH:  4    Dex:  9    Spells: 2/2 levels left

rFire   . . .        Y - +0 war axe
rCold   . . .        c - +0 buckler
rNeg    + + .        f - +0 plate armour
rPois   inf          (no helmet)
rElec   +            (no cloak)
rCorr   .            (no gloves)
SInv    .            (no boots)
Will    .....        (no amulet) Stlth
                     g - ring of positive energy
HPRegen 0.23/turn    (no ring)
MPRegen 0.08/turn

%: no passive effects
@: no status effects
A: sickness immunity, AC +3, negative energy resistance 1, electricity
resistance, torment resistance 1, petrification resistance
a: no special abilities


You were on level 2 of the Dungeon.
You visited 1 branch of the dungeon, and saw 2 of its levels.

You collected 83 gold pieces.


Innate Abilities, Weirdness & Mutations

You are immune to sickness and miasma.
Your stone body is resilient. (AC +3)
You are immune to poison.
You resist negative energy. (rN+)
You are resistant to electric shocks. (rElec)
You are resistant to unholy torment.
You are immune to petrification.


   Skills:
 - Level 3.2 Fighting
 + Level 3.4 Axes
 - Level 3.2 Armour
 - Level 3.2 Shields


You had 2 spell levels left.
You didn't know any spells.
Your spell library was empty.

Inventory:

Hand Weapons
 e - a +0 club
 Y - a +0 war axe (weapon)
Armour
 c - a +0 buckler (worn)
 f - a +0 plate armour (worn)
Jewellery
 g - a ring of positive energy (left hand)
Potions
 a - a potion of heal wounds {unknown}
 d - a potion of might

Dungeon Overview and Level Annotations

Branches:
Dungeon (2/15)

Altars:

Shops:
D:1 :

Annotations:
D:2 Sigmund


Message History

You climb upwards.
Reactivating autopickup.
There is a stone staircase leading down here.
You start resting.
HP restored.
Partly explored, can't reach some places.
(D) Dungeon
Where to? (* - list waypoints, Enter - D:2, ? - help)
What level of the Dungeon? (default 1, ? - help)
You climb downwards.
Level annotation: Sigmund A gnoll comes into view.
It is wielding a +0 club.
There is a stone staircase leading up here.
The gnoll shouts!
You block Sigmund's attack.
You closely miss Sigmund.
The gnoll hits you from afar with a +0 halberd!
A gnoll comes into view. It is wielding a +0 club.
Sigmund hits you but does no damage. The gnoll barely misses you.
You closely miss Sigmund.
The gnoll shouts!
The gnoll hits you but does no damage. Sigmund gestures at you while chanting.
You resist with significant effort.
You barely miss Sigmund. The gnoll hits you but does no damage.
Sigmund barely misses you.
You barely miss Sigmund. The gnoll barely misses you.
Sigmund hits you but does no damage. You block the gnoll's attack.
You barely miss Sigmund. You block the gnoll's attack.
Sigmund closely misses you.
You hit Sigmund.
Sigmund is lightly wounded.
The gnoll hits you but does no damage. Sigmund hits you with a +0 scythe!
The gnoll barely misses you.
You closely miss Sigmund.
Sigmund is lightly wounded.
The gnoll hits you from afar with a +0 halberd.
Sigmund hits you with a +0 scythe!
You die... . ##. gJ.

#g#
#g#
#g#
#@#
#@#
#<#
#.#
#..
....
##...
#...
....
.#...


You could see Sigmund, 3 gnolls, an endoplasm and a goblin.

Vanquished Creatures
  A gnoll (D:1)
  A bat (D:1)
  4 giant cockroaches (D:1)
  3 goblins (D:1)
  3 hobgoblins (D:1)
  6 jackals (D:1)
  2 kobolds (D:1)
  2 quokkas (D:1)
  A ball python (D:1)
  A frilled lizard (D:1)
  2 rats (D:1)
26 creatures vanquished.

Notes
Turn   | Place    | Note
-------+----------+-------------------------------------------
     0 | D:1      | qw the Gargoyle Fighter began the quest for the Orb.
     0 | D:1      | Reached XP level 1. HP: 14/14 MP: 1/1
     0 | D:1      | 0 ||| qw: Version: 0.2-a-100-g4e38944
     0 | D:1      | 0 ||| qw: Game counter: 222
     0 | D:1      | 0 ||| qw: Always use a shield: true
     0 | D:1      | 0 ||| qw: God list: Okawaru
     0 | D:1      | 0 ||| qw: Allow faded altars: false
     0 | D:1      | 0 ||| qw: Do Orc after D:15 true
     0 | D:1      | 0 ||| qw: Do second Lair branch before Depths: true
     0 | D:1      | 0 ||| qw: Lair rune preference: random
     0 | D:1      | 0 ||| qw: Plans: Normal, Zot:1-4, God:TSO, Crypt, Tomb,
                  | Pan, Slime:5, Hells, Abyss, Win
     0 | D:1      | 0 ||| PLANNING D:1-11
    32 | D:1      | Found Ikhlet's Book Shoppe.
    32 | D:1      | Noticed a walking divine tome
    32 | D:1      | Noticed a walking divine tome
   164 | D:1      | Reached XP level 2. HP: 6/19 MP: 2/2
   392 | D:1      | Found a faded altar of an unknown god.
   468 | D:1      | 468 ||| Stepping ~*~*~tactically~*~*~ (stealth).
   473 | D:1      | Reached skill level 3 in Axes
   603 | D:1      | 603 ||| Stepping ~*~*~tactically~*~*~ (stealth).
   609 | D:1      | Reached XP level 3. HP: 18/23 MP: 3/3
   674 | D:1      | 674 ||| UPGRADING to +0 plate armour.
   684 | D:1      | 684 ||| DROPPING +0 scale mail.
   685 | D:1      | 685 ||| DROPPING amulet of magic regeneration.
   686 | D:1      | 686 ||| UPGRADING to ring of positive energy.
   687 | D:1      | 687 ||| READING scroll labelled EBAEGR AXYMIPH.
   717 | D:1      | 717 ||| Stepping ~*~*~tactically~*~*~ (stealth).
   899 | D:1      | 899 ||| Stepping ~*~*~tactically~*~*~ (stealth).
  1018 | D:1      | 1018 ||| Stepping ~*~*~tactically~*~*~ (hiding).
  1283 | D:1      | 1283 ||| Stepping ~*~*~tactically~*~*~ (stealth).
  1566 | D:1      | 1566 ||| READING scroll labelled WOIMUK SASIN.
  1671 | D:2      | Noticed Sigmund
  1676 | D:2      | 1676 ||| FLEEEEING.
  1677 | D:2      | 1677 ||| STAIRDANCE
  1719 | D:2      | HP: 5/23 [Sigmund/+0 scythe (9)]
  1720 | D:2      | Slain by Sigmund

Levels and vault maps discovered:
D:1:      kennysheep_arrival_seaside, layout_basic, serial_shops,
          nicolae_shop_mannequins,
          dreamdust_ecumenical_altar_hidden_monk_grotto,
          serial_co_window_serial, co_window_corner_a, co_window_paths_a,
          co_window_paths_b, co_window_paths_a, co_window_paths_a,
          co_window_paths_a, co_window_paths_a, co_window_unsneaky_path_b,
          co_window_of_opportunity_c, co_window_unsneaky_path_d,
          co_window_corner_cb, glass_columns_b, glass_columns_a,
          glass_columns_b, glass_columns_b
D:2:      layout_loops_ring, uniq_sigmund, uniq_terence

Skill      XL: |  1  2 |
---------------+-------+-----
Axes           | 2 3 |  3.4
Fighting       | |  3.2
Armour         | |  3.2
Shields        | |  3.2

Action                     || total
---------------------------++-------
  Melee: War axe           ||    72
    Use: Scroll            ||     2
 Armour: Scale mail        ||    16
         Plate armour      ||    18
  Dodge: Dodged            ||    28
  Block: Buckler           ||     8

Table legend:
 A = Non-vault XP
 B = Vault XP
 C = Vault XP percentage of total XP
 D = Non-vault monster count
 E = Vault monster count
 F = Vault count percentage of total count
                 A         B        C        D         E       F
            +---------+---------+-------+---------+---------+-------
      Total |      58 |       0 |   0.0 |      26 |       0 |   0.0
            +---------+---------+-------+---------+---------+-------
        D:1 |      58 |       0 |   0.0 |      26 |       0 |   0.0
            +---------+---------+-------+---------+---------+-------
